Map: Ever Dream LE

Players

Future - Winner!

  • Race: Terran Terran
  • Spawn Location: 1:00

Vindicta

  • Race: Terran Terran
  • Spawn Location: 7:00

Event: DreamHack SC2 Masters 2020 Summer North America

VOD

Have the link to the VOD?

Description

Time

  • Played on: June 30, 2020, 5:10 p.m.
  • Length: 12:22

All games in this series

Show
View Real Time Build Order
Export as new Build Order

Future Terran - Winner!

Build Orders:  

Get SALT Encoding   

  12  0:00  SCV  
  13  0:13  SCV  
  14  0:17  Supply Depot  
  14  0:25  SCV  
  15  0:28  Refinery  
  15  0:39  SCV  
  16  0:45  Barracks  
  16  0:51  SCV  
  17  1:04  SCV  
  18  1:16  SCV  
  19  1:32  Orbital Command, Reaper  
  20  1:38  Bunker  
  20  1:43  Supply Depot  
  20  1:50  Factory  
  20  1:57  SCV  
  21  2:02  Refinery  
  21  2:03  Marine  
  22  2:10  SCV  
  23  2:22  Marine, SCV  
  25  2:34  SCV  
  25  2:35  Starport  
  25  2:36  Hellion  
  28  2:39  Supply Depot  
  28  2:40  Marine  
  29  2:46  SCV  
  30  2:57  Marine  
  31  3:00  SCV  
  31  3:01  Hellion  
  31  3:04  Supply Depot  
  34  3:13  Medivac  
  34  3:18  Marine  
  37  3:22  Hellion  
  39  3:27  Supply Depot  
  39  3:37  Barracks Reactor  
  39  3:42  Command Center  
  39  3:44  Factory Tech Lab  
  39  3:46  Starport Tech Lab  
  39  3:49  SCV  
  40  4:01  SCV  
  44  4:02  Cyclone  
  44  4:03  Raven  
  46  4:13  Marine x2, SCV  
  49  4:27  SCV  
  49  4:30  Refinery  
  49  4:31  Supply Depot, Marine x2  
  51  4:39  SCV  
  49  4:48  Raven  
  49  4:51  Marine x2, SCV  
  51  4:54  Orbital Command  
  51  4:59  Siege Tank  
  54  5:03  SCV  
  54  5:04  Bunker  
  55  5:10  Marine x2  
  57  5:15  SCV  
  57  5:20  SCV  
  59  5:27  SCV  
  57  5:32  Siege Tank, SCV  
  59  5:39  SCV  
  60  5:44  SCV  
  61  5:51  SCV, Viking x2  
  61  5:56  Supply Depot, SCV  
  67  6:03  SCV  
  68  6:04  Siege Tank  
  68  6:08  SCV  
  72  6:12  Stimpack, Marine  
  72  6:15  SCV  
  74  6:19  Supply Depot  
  74  6:20  SCV  
  74  6:25  Viking x2  
  76  6:28  SCV  
  77  6:33  SCV  
  76  6:40  SCV  
  76  6:45  SCV  
  70  6:49  Command Center  
  70  6:50  Siege Tank  
  70  6:52  SCV  
  74  6:56  Viking  
  74  6:58  SCV  
  77  7:03  Viking  
  79  7:18  SCV  
  79  7:19  SCV  
  79  7:21  Supply Depot  
  81  7:24  Siege Tank  
  81  7:26  Viking  
  86  7:30  SCV  
  86  7:34  Viking  
  86  7:35  SCV  
  87  7:43  SCV  
  88  7:44  Barracks  
  88  7:45  Barracks  
  88  7:47  SCV  
  87  7:55  SCV  
  87  7:58  Viking  
  89  7:59  SCV  
  89  8:04  Viking  
  89  8:05  Orbital Command  
  90  8:07  SCV  
  90  8:09  Engineering Bay  
  90  8:11  SCV  
  89  8:18  Siege Tank  
  89  8:19  Refinery, SCV  
  92  8:23  Combat Shield, Marine, SCV  
  94  8:31  SCV  
  95  8:35  SCV  
  95  8:39  Viking  
  89  8:42  Viking  
  89  8:46  Marine  
  84  8:49  Orbital Command, SCV  
  84  8:50  SCV  
  85  8:57  Missile Turret  
  85  8:59  Missile Turret  
  85  9:00  Barracks Tech Lab  
  85  9:01  Barracks Reactor, SCV  
  86  9:05  Barracks x2  
  86  9:08  SCV  
  83  9:16  Siege Tank  
  86  9:18  SCV x2  
  86  9:21  Engineering Bay  
  84  9:26  SCV  
  84  9:30  Marauder x2  
  88  9:34  SCV  
  88  9:35  SCV, Viking  
  88  9:37  Viking  
  92  9:43  Missile Turret  
  88  9:48  Siege Tank  
  88  9:49  Marine  
  88  9:50  Marine  
  89  9:55  Terran Infantry Weapons Level 1, Barracks Reactor, Barracks Tech Lab  
  89  10:02  Refinery x2, Marauder  
  89  10:06  Marauder  
  92  10:09  Medivac  
  92  10:12  Medivac  
  96  10:21  Supply Depot x2, Marine, Marauder  
  98  10:24  Marauder  
  101  10:29  Siege Tank  
  101  10:30  Marine x2  
  101  10:31  Marine x2  
  108  10:39  Marine  
  108  10:42  Marauder  
  108  10:45  Marauder  
  108  10:48  Marine, Medivac x2  
  107  11:00  Armory  
  107  11:01  Siege Tank  
  107  11:03  Marauder  
  112  11:07  Marauder, Marine  
  115  11:14  Marauder, Marine x2  
  115  11:15  Marine  
  120  11:20  Viking  
  120  11:25  Marauder  
  124  11:29  Marauder, Marine  
  124  11:32  Marine  
  128  11:33  Viking  
  128  11:35  Marauder  
  128  11:38  Siege Tank  
  135  11:44  Supply Depot  
  135  11:46  Marauder  
  137  11:50  Marauder  
  137  11:53  Marine x3, Missile Turret  
  141  11:59  Supply Depot  
  141  12:02  Supply Depot  
Show
View Real Time Build Order
Export as new Build Order

Vindicta Terran 

Build Orders: Mech 

Get SALT Encoding   

  12  0:00  SCV  
  13  0:12  SCV  
  14  0:19  Supply Depot  
  14  0:41  Barracks  
  14  0:47  Barracks  
  14  0:54  Refinery  
  14  0:58  SCV  
  15  1:10  SCV  
  16  1:22  SCV  
  17  1:35  Orbital Command  
  17  1:36  Refinery  
  17  1:42  Barracks Tech Lab  
  17  1:50  Reaper  
  17  1:52  Supply Depot  
  18  1:58  Reaper  
  18  2:00  SCV  
  19  2:12  SCV  
  20  2:18  Factory  
  20  2:26  Reaper  
  21  2:32  SCV  
  23  2:44  SCV  
  23  2:55  Command Center  
  23  2:58  SCV  
  24  3:02  Factory Tech Lab  
  24  3:10  SCV  
  25  3:20  Cyclone  
  25  3:25  Starport  
  28  3:29  SCV  
  31  3:50  Refinery  
  30  3:56  Supply Depot  
  30  4:01  Viking  
  31  4:07  Cyclone, Orbital Command  
  31  4:09  SCV  
  35  4:14  Mag-Field Accelerator  
  34  4:25  SCV  
  35  4:31  Starport Tech Lab  
  35  4:39  Cyclone  
  35  4:42  SCV  
  38  4:50  Banshee  
  38  4:51  SCV  
  41  4:54  SCV  
  42  5:01  Cloaking Field  
  42  5:03  SCV  
  42  5:06  SCV  
  44  5:09  Supply Depot  
  44  5:13  Cyclone  
  47  5:15  SCV  
  47  5:18  SCV  
  49  5:28  SCV  
  49  5:30  SCV  
  49  5:34  Banshee  
  51  5:40  SCV  
  53  5:42  SCV  
  53  5:44  Command Center  
  53  5:48  Cyclone  
  56  5:52  SCV  
  56  5:55  SCV  
  56  5:56  Refinery  
  58  6:05  SCV  
  58  6:07  SCV  
  60  6:11  Supply Depot  
  60  6:16  Banshee  
  62  6:30  Supply Depot  
  62  6:33  Siege Tank, SCV x2  
  66  6:45  SCV x2  
  65  6:56  Orbital Command  
  65  6:57  SCV  
  65  7:00  Factory  
  65  7:01  Factory  
  60  7:02  Banshee  
  60  7:04  Hyperflight Rotors  
  64  7:08  SCV  
  64  7:12  SCV  
  64  7:13  Cyclone  
  68  7:20  SCV  
  70  7:22  SCV  
  70  7:24  Supply Depot, SCV  
  71  7:33  SCV  
  71  7:34  SCV  
  73  7:39  SCV  
  74  7:45  Cyclone, Banshee  
  74  7:49  Factory Tech Lab  
  80  7:54  SCV  
  80  7:57  SCV  
  79  8:03  SCV  
  80  8:07  Factory Tech Lab  
  80  8:08  Factory Tech Lab  
  80  8:09  SCV  
  80  8:10  SCV  
  80  8:11  Supply Depot  
  82  8:15  SCV  
  82  8:18  Factory Tech Lab  
  83  8:27  Cyclone  
  83  8:28  Cyclone  
  83  8:31  Factory, SCV  
  87  8:38  SCV  
  57  8:41  SCV  
  57  8:43  SCV  
  50  8:50  SCV  
  50  8:53  SCV  
  50  8:54  Banshee  
  50  8:55  SCV  
  53  8:59  Cyclone  
  53  9:00  Cyclone  
  53  9:01  Command Center  
  53  9:02  SCV  
  60  9:05  Supply Depot, SCV  
  60  9:07  SCV  
  62  9:14  SCV  
  63  9:17  Factory Tech Lab  
  63  9:18  SCV  
  63  9:19  SCV  
  65  9:26  SCV  
  65  9:30  SCV  
  67  9:31  Cyclone  
  67  9:37  Banshee  
  70  9:47  Cyclone  
  70  9:49  SCV x2  
  70  9:50  SCV  
  69  9:54  Factory  
  69  10:01  SCV  
  70  10:08  Cyclone  
  70  10:11  SCV  
  70  10:12  SCV  
  70  10:13  SCV  
  75  10:17  Orbital Command  
  75  10:19  Banshee  
  75  10:20  Cyclone  
  81  10:21  Command Center  
  81  10:24  SCV x2  
  83  10:31  SCV  
  89  10:47  Orbital Command  
  89  10:49  Factory Reactor  
  84  10:54  Engineering Bay  
  84  10:55  Siege Tank  
  84  10:56  Siege Tank  
  87  11:02  Banshee, SCV x3  
  93  11:12  SCV  
  93  11:13  Refinery  
  93  11:14  Refinery, SCV x2  
  97  11:24  SCV  
  98  11:26  Sensor Tower, Hellion  
  98  11:27  Siege Tank  
  98  11:28  Missile Turret  
  98  11:30  Missile Turret  
  98  11:31  Missile Turret  
  98  11:32  Missile Turret  
  102  11:33  Missile Turret  
  102  11:35  Siege Tank  
  102  11:37  SCV  
  109  11:49  Hellion  
  109  11:51  Sensor Tower  
  111  11:58  Hellion  
  116  12:03  Factory  
  116  12:04  Factory  
Tags
 
Add a new tag
Caveats
  • Supply blocks, unpowered buildings, or Contaminate may cause inaccurate times.
  • Supply counts are checked every 10 seconds.